[Event "World Junior U20 Girls 2018"]
[Site "Gebze"]
[Date "2018.09.10"]
[Round "6"]
[White "Aubert, Laurane"]
[Black "Malatsilava, Volha"]
[Result "1/2-1/2"]
[ECO "B48"]
[WhiteElo "1970"]
[BlackElo "2040"]
[Annotator "NA"]
[PlyCount "95"]
[EventDate "2018.09.05"]
[EventType "swiss"]
[EventCountry "TUR"]
[SourceTitle "playchess.com"]
[Source "ChessBase"]
[SourceQuality "1"]
[TimeControl "40/5400+30:1800+30"]

1. e4 c5 2. Nf3 e6 3. d4 cxd4 4. Nxd4 Nc6 5. Nc3 Qc7 6. Be3 Nf6 7. Bd3 a6 8. O-O Bd6 9. h3 O-O 10. Nb3 {[%emt 0:18:30] B48: Sicilian: Taimanov: 5 Nc3 Qc7 6 Be3 a6 without Be2} (10. Nde2 b5 11. f4 Be7 12. e5 Ne8 13. Ng3 g6 14. a4 bxa4 15. Nxa4 Rb8 16. c3 d6 17. exd6 Nxd6 {0-1 (37) Shabalov,A (2556)-Iturrizaga Bonelli,E (2663) Medellin 2017}) 10... Bf4 11. Bxf4 $146 ({Predecessor:} 11. Qd2 Bxe3 12. Qxe3 b5 13. f4 d6 14. a4 b4 15. Ne2 Bb7 16. a5 Rfe8 17. Ng3 Rad8 {½-½ (41) Laznicka,V (2164)-Efler,D (2173) Czechia 2001}) 11... Qxf4 12. Ne2 Qc7 13. f4 d6 14. Qe1 e5 15. f5 Qb6+ 16. Kh1 d5 (16... Nb4 $15) 17. exd5 Nb4 18. Nc3 Nxd3 19. cxd3 Re8 20. Qh4 Qd6 21. Ne4 Qxd5 $2 (21... Qd8 $16 {ist zäher.}) 22. Nxf6+ gxf6 23. Qxf6 Qd8 24. Qh6 f6 25. Rf3 Qe7 26. Rg3+ Kh8 27. Rf1 b6 28. Nd2 Bb7 29. Ne4 Bxe4 30. dxe4 Rad8 31. Rc1 Rd6 32. Rgc3 Qg7 33. Rc8 Red8 34. Rxd8+ Rxd8 35. Qxg7+ Kxg7 36. Rc7+ Kh6 37. Rc6 Kg5 38. Rxb6 a5 39. Rb5 Rd2 40. Kh2 Kf4 41. Rxa5 Rxb2 42. Ra4 $11 (42. Ra6 $16) 42... h5 43. Kg1 h4 44. Kf1 Ke3 45. Kg1 Kf4 46. Kf1 Ke3 47. Kg1 Kf4 48. Kf1 1/2-1/2

[Event "World Junior U20 Girls 2018"]
[Site "Gebze"]
[Date "2018.09.10"]
[Round "6"]
[White "Meenal Gupta"]
[Black "Kanakova, Natalie"]
[Result "1-0"]
[ECO "C96"]
[WhiteElo "1963"]
[BlackElo "2201"]
[Annotator "NA"]
[PlyCount "87"]
[EventDate "2018.09.05"]
[EventType "swiss"]
[EventCountry "TUR"]
[SourceTitle "playchess.com"]
[Source "ChessBase"]
[SourceQuality "1"]
[TimeControl "40/5400+30:1800+30"]

1. e4 e5 2. Nf3 Nc6 3. Bb5 a6 4. Ba4 Nf6 5. O-O Be7 6. Re1 b5 7. Bb3 d6 8. c3 O-O 9. h3 Na5 10. Bc2 c5 11. d4 Nd7 12. a4 Bb7 {[%emt 0:01:30] C96: Closed Ruy Lopez: Chigorin Defence: 11 d4, replies other than 11...Qc7} (12... b4 13. Nbd2 Rb8 14. Nf1 b3 15. Bd3 exd4 16. cxd4 c4 17. Be2 c3 18. Ng3 Nf6 19. Bd3 Nc6 20. d5 {0-1 (37) Quesada Perez,Y (2627)-Caruana,F (2811) chess.com INT 2018}) 13. d5 {[%emt 0:00:30] [#]} g6 $146 ({Predecessor:} 13... b4 14. b3 bxc3 15. Nxc3 Rb8 16. Bd2 Bc8 17. Nb1 g6 18. Bh6 Re8 19. Na3 Rb4 20. Bd2 {½-½ (48) Shankland,S (2666)-Xiong,J (2674) Saint Louis 2017}) 14. Bh6 Re8 15. axb5 axb5 16. b3 Bf8 17. Be3 Bg7 (17... c4 $14) 18. Nbd2 Rf8 19. Nf1 (19. Qe2 $16) 19... Rb8 20. g4 Ba8 21. Qe2 h6 22. Ng3 Qc7 23. Kh2 Kh7 24. Ra2 $16 c4 25. b4 Nb3 26. Rb1 Nb6 27. Bxb6 Qxb6 28. Bxb3 cxb3 29. Rxb3 f5 30. gxf5 gxf5 31. Nh4 fxe4 32. Qxe4+ Kg8 33. Ngf5 Rf7 34. c4 Qd8 35. Rg3 Kf8 36. Nxg7 Rxg7 37. Qf5+ Kg8 38. Qe6+ Kh7 39. Rxg7+ Kxg7 40. Nf5+ Kf8 41. Qxh6+ Ke8 42. Nxd6+ Kd7 43. Qe6+ Kc7 44. Ra7+ 1-0

[Event "World Junior U20 Girls 2018"]
[Site "Gebze"]
[Date "2018.09.10"]
[Round "6"]
[White "Heydarova, Aytaj"]
[Black "Aydin, Gulenay"]
[Result "1/2-1/2"]
[ECO "E62"]
[WhiteElo "1948"]
[BlackElo "1882"]
[Annotator "NA"]
[PlyCount "106"]
[EventDate "2018.09.05"]
[EventType "swiss"]
[EventCountry "TUR"]
[SourceTitle "playchess.com"]
[Source "ChessBase"]
[SourceQuality "1"]
[TimeControl "40/5400+30:1800+30"]

1. Nf3 Nf6 2. g3 g6 3. Bg2 Bg7 4. O-O O-O 5. c4 d6 6. Nc3 c6 7. d4 Qa5 8. Qc2 Qh5 9. e4 {[%emt 0:17:30] E62: King's Indian: Fianchetto: 6...c6 and Panno Variation (6...Nc6) without ...a6} e5 (9... Bh3 10. Re1 Ng4 11. Bh1 Nd7 12. Qd2 e5 13. d5 {½-½ (13) Socko,B (2617)-Strikovic,A (2528) Lisbon 2014}) 10. dxe5 dxe5 11. b3 $146 ({Predecessor:} 11. b4 Re8 12. Rb1 Nbd7 13. c5 Nf8 14. Nd2 Bh3 15. Nc4 Ne6 16. f3 Nd7 17. Bxh3 Qxh3 {0-1 (46) Ristic,M (2169)-Drenchev,P (2480) Skopje 2015}) 11... Na6 12. Ba3 Re8 13. Rad1 Bg4 14. Rd3 Nd7 15. b4 Nf8 16. b5 Nc7 17. Nh4 Bf6 18. Nf3 (18. h3 $16 Be6 19. bxc6 bxc6 20. Bc1) 18... Nfe6 19. bxc6 bxc6 20. Re1 Rad8 21. Rxd8 Rxd8 22. Nd2 Nd4 23. Qb2 Bg5 24. Ncb1 Nce6 25. Bb4 Rb8 26. Qc3 c5 27. Ba3 Bxd2 28. Nxd2 Ne2+ 29. Rxe2 Bxe2 30. Qe3 Rc8 31. f4 Bd1 32. Bb2 Nd4 33. fxe5 Qxe5 34. Kf2 Rb8 35. Bc3 Qd6 36. e5 Qd7 37. Bd5 Qf5+ 38. Kg2 Ne2 39. e6 Nxc3 40. exf7+ Kg7 41. Qxc3+ Qf6 42. Qxf6+ Kxf6 43. Ne4+ Ke7 44. Nxc5 Bg4 45. Kf2 Rc8 46. Ne4 {[%emt 0:01:30] [#]} Be6 $17 47. Ke3 Rd8 48. Bxe6 Kxe6 49. Ng5+ Ke7 50. Nxh7 Kxf7 51. Ng5+ Ke7 52. Ke4 Rd2 53. h4 Rd8 1/2-1/2

[Event "World Junior U20 Girls 2018"]
[Site "Gebze"]
[Date "2018.09.10"]
[Round "6"]
[White "Kocyigit, Buse Naz"]
[Black "Kamalidenova, Meruert"]
[Result "1/2-1/2"]
[ECO "E90"]
[WhiteElo "1944"]
[BlackElo "2011"]
[Annotator "NA"]
[PlyCount "106"]
[EventDate "2018.09.05"]
[EventType "swiss"]
[EventCountry "TUR"]
[SourceTitle "playchess.com"]
[Source "ChessBase"]
[SourceQuality "1"]
[TimeControl "40/5400+30:1800+30"]

1. d4 Nf6 2. Nf3 g6 3. c4 Bg7 4. Nc3 O-O 5. e4 d6 6. h3 c5 7. Be3 Qa5 8. Qd2 Nc6 {[%emt 0:04:30] E90: King's Indian: Classical: Early deviations and 6 h3} 9. O-O-O (9. d5 Nd4 10. Rd1 Nxf3+ 11. gxf3 Nh5 12. Bh6 f5 13. Bxg7 Kxg7 14. Rg1 fxe4 15. fxe4 Nf4 16. Rg3 {1-0 (38) Parligras,M (2616)-Parvanyan,A (2374) Germany 2017}) 9... a6 $146 ({Predecessor:} 9... cxd4 10. Nxd4 Nxd4 11. Bxd4 Be6 12. Kb1 Rfc8 13. b3 Qc7 {0-1 (21) Wijesurija,G (2191)-Narayanan,K (2007) Chennai 2004}) 10. Bh6 (10. d5 $5 Nb8 11. Bh6 $14) 10... Rb8 (10... Bxh6 $15 11. Qxh6 Nxd4) 11. Bxg7 Kxg7 12. d5 Na7 13. g4 b5 14. g5 Nd7 15. Qf4 Nf6 16. Qd2 Nd7 17. Qf4 b4 18. Nb1 Qxa2 19. h4 Nb6 20. h5 Nxc4 21. Bxc4 Qxc4+ 22. Kd2 Bd7 $19 23. Rh4 Bb5 24. hxg6 fxg6 25. Qe3 Ba4 26. Rc1 Qb3 27. Qxb3 Bxb3 28. Ke3 Nc8 29. Rch1 Rh8 30. Nbd2 Ba4 31. b3 Bb5 32. Rh6 Nb6 33. Nh4 Be8 34. f4 Nd7 35. Nc4 Bf7 36. f5 Ne5 37. Nxe5 dxe5 38. Kd3 Rb6 39. Kc4 Rc8 40. Nf3 Bg8 41. Nxe5 Rd6 42. fxg6 hxg6 43. Ra1 Rf8 44. Kxc5 Rf4 45. Nc4 Rd8 46. Rxa6 Rxe4 47. Raxg6+ Kf8 48. Kxb4 Rb8+ 49. Kc3 Rxb3+ 50. Kxb3 Bxd5 51. Rb6 Rxc4 52. Kb2 Bg8 53. Rh3 Rg4 1/2-1/2

[Event "World Junior U20 Girls 2018"]
[Site "Gebze"]
[Date "2018.09.10"]
[Round "6"]
[White "Hereklioglu, Sude"]
[Black "Urh, Zala"]
[Result "0-1"]
[ECO "D02"]
[WhiteElo "1930"]
[BlackElo "2128"]
[Annotator "NA"]
[PlyCount "52"]
[EventDate "2018.09.05"]
[EventType "swiss"]
[EventCountry "TUR"]
[SourceTitle "playchess.com"]
[Source "ChessBase"]
[SourceQuality "1"]
[TimeControl "40/5400+30:1800+30"]

1. d4 Nf6 2. Nf3 d5 3. c3 e6 4. Bg5 Be7 5. Nbd2 Nbd7 6. e3 h6 7. Bf4 b6 8. Bd3 Bb7 9. Ne5 Nxe5 10. dxe5 Nd7 11. h4 Bxh4 12. b4 (12. Bc2 $15) 12... Bg5 13. Qg4 Bxf4 14. exf4 Qe7 $17 15. Qxg7 O-O-O 16. Rxh6 Rhg8 17. Qh7 Rxg2 18. Be2 Nf8 19. Qc2 Ng6 20. Nf3 Nxf4 21. Bf1 Rg6 22. Rxg6 Nxg6 23. a4 d4 24. Nxd4 Nxe5 25. Qe2 Rxd4 26. Qxe5 Re4+ 0-1

[Event "World Junior U20 Girls 2018"]
[Site "Gebze"]
[Date "2018.09.10"]
[Round "6"]
[White "Tian, Shi Yuan"]
[Black "Catal, Uktenur"]
[Result "0-1"]
[ECO "D34"]
[WhiteElo "1923"]
[BlackElo "1809"]
[Annotator "NA"]
[PlyCount "132"]
[EventDate "2018.09.05"]
[EventType "swiss"]
[EventCountry "TUR"]
[SourceTitle "playchess.com"]
[Source "ChessBase"]
[SourceQuality "1"]
[TimeControl "40/5400+30:1800+30"]

1. d4 e6 2. c4 d5 3. Nc3 c5 4. cxd5 exd5 5. Nf3 Nf6 6. g3 Nc6 7. Bg2 Be7 8. O-O O-O 9. Bg5 cxd4 10. Nxd4 h6 11. Be3 Re8 12. Rc1 Bf8 13. Nxc6 bxc6 14. Na4 Bd7 15. Bc5 Bxc5 16. Nxc5 Bg4 17. Re1 Qa5 18. Qc2 {[%emt 0:02:30] D34: Tarrasch Defence: 6 g3 Nf6 7 Bg2 Be7} Rab8 19. b3 Re7 {[%emt 0:24:30] [#]} 20. Bf1 $146 ({Predecessor:} 20. h3 Bh5 21. Nd3 Bg6 22. Qc5 Qxc5 23. Nxc5 {½-½ (44) Ribli,Z (2610)-Lobron,E (2535) Germany 1990}) 20... Rbe8 21. Qb2 Qb6 22. e3 Nd7 23. Nxd7 Bxd7 24. Red1 a5 25. Qc3 Re4 26. Bg2 Rb4 27. h3 Ra8 28. Rd4 Rxd4 29. Qxd4 Qxd4 30. exd4 Rb8 31. g4 Rb4 32. Rd1 a4 33. bxa4 Rxa4 34. Rd2 Kf8 35. Bf3 Ke7 36. Bd1 Ra3 37. Bb3 Kd6 38. Kg2 g5 39. f4 f6 40. Rf2 Ke7 41. Kf3 Ra8 42. Kg3 Rf8 43. f5 Kd6 44. Kf3 Re8 45. Bc2 c5 46. dxc5+ Kxc5 47. Bb3 Re5 48. Rd2 $15 Bb5 49. Kf2 d4 50. Be6 Re3 51. Rc2+ Rc3 52. Rxc3+ dxc3 53. Ke3 Bf1 54. Bb3 Bxh3 55. Bd1 Bf1 56. a4 Bc4 57. a5 Kb4 58. Kd4 Bf1 59. Kd5 Be2 60. Bc2 Kxa5 61. Ke6 Bxg4 62. Kxf6 Kb4 63. Kg6 Bxf5+ 64. Bxf5 Ka3 65. Kxh6 g4 66. Bxg4 c2 0-1

[Event "World Junior U20 Girls 2018"]
[Site "Gebze"]
[Date "2018.09.10"]
[Round "6"]
[White "Koo, Wei Xin Rosamund"]
[Black "Huttl, Sofie"]
[Result "1-0"]
[ECO "D52"]
[WhiteElo "1918"]
[BlackElo "1727"]
[Annotator "NA"]
[PlyCount "125"]
[EventDate "2018.09.05"]
[EventType "swiss"]
[EventCountry "TUR"]
[SourceTitle "playchess.com"]
[Source "ChessBase"]
[SourceQuality "1"]
[TimeControl "40/5400+30:1800+30"]

1. d4 d5 2. Nf3 Nf6 3. c4 c6 4. Nc3 e6 5. Bg5 Nbd7 6. e3 Qa5 7. Bxf6 Nxf6 8. Bd3 dxc4 {[%emt 0:03:30] LiveBook: 4 Games} 9. Bxc4 Bb4 {[%emt 0:06:30] D52: Queen's Gambit Declined: Cambridge Springs Variation} (9... b5 10. Be2 b4 11. Qa4 Qb6 12. Nb1 Nd7 13. Nbd2 Be7 14. Rc1 Bb7 15. Nc4 Qc7 16. Nce5 Nb6 17. Qa5 {1-0 (35) Ilincic,Z (2441)-Szabolcsi,J (2418) Budapest 2012}) 10. Qb3 Nd5 11. Rc1 Nxc3 12. bxc3 Be7 13. O-O b5 $146 ({Predecessor:} 13... O-O 14. Bd3 Bf6 15. Bb1 Qh5 16. c4 e5 17. d5 cxd5 18. cxd5 {0-1 (62) Blachmann,H-Bittner,F Schwaebisch Gmuend 1993}) 14. Bd3 O-O 15. Ne5 Qb6 16. c4 f6 17. Nf3 Bd7 {[%emt 0:03:30] [#]} 18. Bf5 $1 Kf7 19. Bxh7 Rh8 20. Be4 Rac8 21. cxb5 Qxb5 22. Qxb5 cxb5 23. Bb7 Rxc1 24. Rxc1 Rb8 25. Rc7 Ke8 26. Bc6 Bxc6 27. Rxc6 Kd7 28. Ra6 Rb7 29. g3 Bd8 30. Ne1 Bb6 31. Nd3 Rc7 32. Nc5+ Kd6 33. Kg2 e5 34. Nb3 exd4 35. Nxd4 Rc5 36. Ra3 a5 37. Rb3 b4 38. Rd3 Ke5 39. Nf3+ Ke6 40. Rd2 Rd5 41. Kf1 g5 42. g4 Rd8 43. Rxd8 Bxd8 44. Ke2 Kd5 45. Kd3 Bc7 46. h3 Bb6 $14 47. Nd2 Bc7 48. Ne4 Ke5 49. f3 Bb6 50. Nd2 Kd5 51. Nc4 Bc7 52. f4 gxf4 53. exf4 Bxf4 54. Nxa5 Kc5 55. h4 Kb5 56. Nc4 Bg3 57. h5 Bf4 58. Kd4 Kc6 59. Ke4 Bg5 60. Ne3 Kc5 61. Nd5 Kc4 62. Nxb4 Kxb4 63. Kf5 1-0

[Event "World Junior U20 Girls 2018"]
[Site "Gebze"]
[Date "2018.09.10"]
[Round "6"]
[White "Doroy Allaney Jia G"]
[Black "Caxita, Esperanca"]
[Result "1-0"]
[ECO "A22"]
[WhiteElo "1914"]
[BlackElo "1803"]
[Annotator "NA"]
[PlyCount "83"]
[EventDate "2018.09.05"]
[EventType "swiss"]
[EventCountry "TUR"]
[SourceTitle "playchess.com"]
[Source "ChessBase"]
[SourceQuality "1"]
[TimeControl "40/5400+30:1800+30"]

1. c4 e5 2. Nc3 Nf6 3. g3 d5 4. cxd5 Nxd5 5. Bg2 c6 6. Nxd5 cxd5 7. Qb3 {[%emt 0:00:30] A22: English Opening: 1...e5 2 Nc3 Nf6} e4 8. d3 f5 {[%emt 0:14:30] [#]} ({Better is} 8... Na6 $14) 9. Nh3 $1 Nc6 {[%emt 0:06:30] [#]} 10. O-O $1 Bc5 (10... Be7 11. Nf4 Nd4 12. Qa4+ Nc6 13. Qb5 O-O 14. Qxd5+ Qxd5 15. Nxd5 {1-0 (27) Samhouri,A (2355)-Alanazy,M (1850) Riadh 2017}) 11. dxe4 dxe4 $146 ({Predecessor:} 11... Nd4 12. Qxd5 Qxd5 13. exd5 Nxe2+ 14. Kh1 Nxc1 15. Raxc1 Bd6 16. Rfe1+ Kf7 17. Ng5+ Kf6 18. Ne6 Re8 {½-½ (18) Valciukiene,A-Januseviciute,D (1819) Klaipeda 2010}) 12. Bg5 Qb6 13. Qd5 Ne7 14. Qe5 Qd6 15. Qxg7 Bd4 16. Bxe7 Qd7 17. Qh6 Qxe7 18. Nf4 Bg7 19. Qh5+ Qf7 20. Qxf7+ Kxf7 21. Rac1 Rd8 22. b3 Be5 23. Rfd1 Bd7 (23... Be6 $142) 24. e3 $16 ({Günstiger ist} 24. Rd5 Bxf4 25. gxf4) 24... Bc6 25. Bf1 Ke7 26. Bc4 Rac8 27. Be6 Rxd1+ 28. Rxd1 Rf8 29. Bc4 Bxf4 30. exf4 Rf6 31. Kf1 Rh6 32. Kg1 Rf6 33. h3 Rh6 34. Kh2 Rd6 35. Rxd6 Kxd6 36. g4 h6 37. Kg3 Bd7 38. Kh4 Ke7 39. g5 b5 40. Bd5 hxg5+ 41. Kxg5 Kf8 42. Kf6 1-0

[Event "World Junior U20 Girls 2018"]
[Site "Gebze"]
[Date "2018.09.10"]
[Round "6"]
[White "Aksoy, Ayca"]
[Black "Anacoglu, Cisel"]
[Result "1-0"]
[ECO "D00"]
[WhiteElo "1898"]
[BlackElo "1791"]
[Annotator "NA"]
[PlyCount "79"]
[EventDate "2018.09.05"]
[EventType "swiss"]
[EventCountry "TUR"]
[SourceTitle "playchess.com"]
[Source "ChessBase"]
[SourceQuality "1"]
[TimeControl "40/5400+30:1800+30"]

1. Nf3 Nf6 2. d4 g6 3. Nc3 d5 4. Bf4 Bg7 5. Qd2 c6 6. Ne5 Nbd7 7. f3 Nh5 8. Nxd7 Nxf4 9. Ne5 Ne6 10. e3 Qd6 11. f4 h5 12. Be2 Nc7 13. O-O-O b5 14. e4 (14. h3 $11) 14... b4 15. Na4 dxe4 $11 16. Nc5 a5 17. Bc4 Nd5 18. Nxe4 Qc7 19. Kb1 Bf5 20. Nc5 O-O 21. h3 h4 22. Qf2 Bf6 23. g4 hxg3 24. Qxg3 a4 25. h4 b3 26. Bd3 Bxd3 27. Rxd3 Nb4 28. Rd2 bxc2+ 29. Ka1 Qa5 30. Rg2 a3 31. b3 Kg7 32. Ne6+ Kh8 33. Nxg6+ fxg6 34. Qxg6 c1=Q+ 35. Rxc1 Nc2+ 36. Kb1 Rf7 37. Qxf7 Nxd4 38. Nxd4 Rb8 39. Rg6 Rxb3+ 40. Qxb3 1-0

[Event "World Junior U20 Girls 2018"]
[Site "Gebze"]
[Date "2018.09.10"]
[Round "6"]
[White "Nass, Sara"]
[Black "Santeramo, Alessia"]
[Result "1-0"]
[ECO "B34"]
[WhiteElo "1888"]
[BlackElo "2124"]
[Annotator "NA"]
[PlyCount "71"]
[EventDate "2018.09.05"]
[EventType "swiss"]
[EventCountry "TUR"]
[SourceTitle "playchess.com"]
[Source "ChessBase"]
[SourceQuality "1"]
[TimeControl "40/5400+30:1800+30"]

1. e4 c5 2. Nf3 g6 3. d4 cxd4 4. Nxd4 Bg7 5. Nc3 Nc6 6. Be3 Nf6 7. f3 Qb6 8. Na4 {[%emt 0:12:30] B34: Sicilian: Accelerated Dragon with 5 Nc3: sidelines} (8. Ncb5 Qa5+ 9. c3 O-O 10. Nb3 Qd8 11. c4 b6 12. Qd2 Bb7 13. Be2 d6 14. O-O Nd7 15. Rfd1 Rc8 {½-½ (52) Primbetov,M (2222)-Rooze,J (2314) Acqui Terme 2017}) 8... Qa5+ 9. c3 d6 10. Bb5 Bd7 11. O-O $146 ({Predecessor:} 11. b4 Qc7 12. Rc1 a6 13. Bxc6 bxc6 {½-½ (21) Okun,E (2096)-Karabakhtsian,A Anapa 2008}) 11... O-O 12. b4 Qd8 (12... Qc7 $5 ) 13. Bxc6 bxc6 14. Nb2 a5 15. a3 e5 16. Nb3 axb4 17. axb4 Be6 18. Na5 Qc7 19. Nac4 d5 $15 20. Nd2 Nd7 21. Na4 f5 22. Nc5 Nxc5 23. Bxc5 Rfd8 24. Qc2 Bh6 25. exd5 Bxd5 26. Nb3 Bc4 27. Rfd1 Rxa1 28. Rxa1 Qf7 29. Na5 Rd2 30. Qb1 Ba2 31. Qe1 Qd5 32. c4 Bxc4 33. Nxc4 Qxc4 34. Qxe5 Rd8 35. Bb6 Rf8 36. Bd4 1-0

[Event "World Junior U20 Girls 2018"]
[Site "Gebze"]
[Date "2018.09.10"]
[Round "6"]
[White "Nassr, Lina"]
[Black "Kyrkjebo, Marte B"]
[Result "1-0"]
[ECO "D05"]
[WhiteElo "1854"]
[BlackElo "1935"]
[Annotator "NA"]
[PlyCount "97"]
[EventDate "2018.09.05"]
[EventType "swiss"]
[EventCountry "TUR"]
[SourceTitle "playchess.com"]
[Source "ChessBase"]
[SourceQuality "1"]
[TimeControl "40/5400+30:1800+30"]

1. d4 Nf6 2. Nf3 e6 3. e3 b6 4. Bd3 Bb7 5. b3 c5 6. Bb2 Be7 {[%emt 0:00:00] LiveBook: 84 Partien} 7. O-O O-O 8. Nbd2 Nc6 9. a3 d5 10. Ne5 {[%emt 0:02:30] D05: Colle System with ...e6} (10. Qe2 Qc7 11. Rac1 Rac8 12. c4 dxc4 13. bxc4 cxd4 14. exd4 Rfe8 15. Rfe1 Qb8 16. Ne4 Na5 17. Neg5 Qf4 18. Nxe6 fxe6 19. Qxe6+ {0-1 (33) Mamedyarov,S (2808)-Nakamura,H (2769) Paris 2018}) 10... Nd7 11. f4 f6 12. Qh5 f5 13. Qh3 $146 ({Predecessor:} 13. Nxd7 Qxd7 14. g4 cxd4 15. Bxd4 Nxd4 16. exd4 Bf6 17. Nf3 g6 {1-0 (56) Hipler,A (1873)-Mut,F (1727) Hofheim 2014}) 13... Nf6 14. Ndf3 Ne4 15. Rad1 Qc8 16. c4 Na5 17. Bxe4 dxe4 18. Nd2 Nc6 19. Nb1 Nxe5 20. dxe5 Rd8 21. Nc3 Rd3 22. Rfe1 Qd7 23. Qh5 Rd8 24. Qe2 a6 25. a4 Bc6 26. Rxd3 exd3 27. Qd2 Be4 28. Rd1 Bf8 29. Rf1 Qf7 30. Nxe4 fxe4 31. Bc3 Qf5 32. Qd1 Rd7 33. g4 Qg6 34. Kh1 Qe8 35. f5 Rf7 36. Rf2 exf5 37. gxf5 g6 38. Qg4 Bg7 39. f6 Bh6 40. Qxe4 Qe6 41. Qd5 Qg4 $18 42. e6 Qd1+ 43. Kg2 Qg4+ 44. Kf1 Qh3+ 45. Rg2 d2 46. exf7+ Kf8 47. Qd8+ Kxf7 48. Qe7+ Kg8 49. f7# 1-0

[Event "World Junior U20 Girls 2018"]
[Site "Gebze"]
[Date "2018.09.10"]
[Round "6"]
[White "Bail, Ellen Larissa"]
[Black "Celik, Eylul"]
[Result "0-1"]
[ECO "A90"]
[WhiteElo "1832"]
[BlackElo "2014"]
[Annotator "NA"]
[PlyCount "47"]
[EventDate "2018.09.05"]
[EventType "swiss"]
[EventCountry "TUR"]
[SourceTitle "playchess.com"]
[Source "ChessBase"]
[SourceQuality "1"]
[TimeControl "40/5400+30:1800+30"]

1. Nf3 d5 2. d4 c6 3. g3 e6 4. Bg2 f5 5. O-O Nf6 6. c4 Bd6 7. b3 Qe7 8. Bb2 O-O 9. Ne5 b6 10. Nd2 Bb7 11. Rc1 {[%emt 0:00:30] LiveBook: 154 Games} Ne4 12. Qc2 Na6 13. Nd3 Qg5 14. Nf3 Qh6 $14 15. Nfe5 Nb4 16. Nxb4 Bxb4 17. Qd3 Rac8 18. a3 Be7 19. f3 Nd6 20. e4 fxe4 21. fxe4 Bg5 22. Rce1 Rxf1+ 23. Rxf1 Rf8 24. Qf3 0-1

[Event "World Junior U20 Girls 2018"]
[Site "Gebze"]
[Date "2018.09.10"]
[Round "6"]
[White "Can, Isil"]
[Black "Sankova, Stella"]
[Result "1/2-1/2"]
[ECO "B99"]
[WhiteElo "1798"]
[BlackElo "2081"]
[Annotator "NA"]
[PlyCount "95"]
[EventDate "2018.09.05"]
[EventType "swiss"]
[EventCountry "TUR"]
[SourceTitle "playchess.com"]
[Source "ChessBase"]
[SourceQuality "1"]
[TimeControl "40/5400+30:1800+30"]

1. e4 c5 2. Nf3 d6 3. d4 cxd4 4. Nxd4 Nf6 5. Nc3 a6 6. Bg5 e6 7. f4 Be7 8. Qf3 Qc7 9. O-O-O Nbd7 10. g4 {[%emt 0:00:00] LiveBook: 1232 Games} h6 11. Bxf6 Bxf6 12. h4 Qb6 13. Nde2 Nc5 14. g5 Be7 15. g6 O-O 16. gxf7+ Rxf7 17. Qg3 Bd7 18. Rg1 Rc8 $11 19. e5 Qc7 20. Nd4 b5 21. Be2 b4 22. Bh5 Rcf8 23. Bxf7+ Rxf7 24. Nce2 Ne4 25. Qg6 Nf2 26. Rdf1 dxe5 27. Rxf2 exd4 28. Rfg2 Bc6 29. Rg3 Bxh4 30. Rh3 Bf6 31. Qxh6 Kf8 32. Qg6 Bb5 33. Qe4 Bxe2 34. Qxe2 Qxf4+ 35. Kb1 Qd6 36. Qg2 Qb6 37. Re1 Ke7 38. Rh8 Rf8 39. Rh3 Rc8 40. Qe4 Qc6 41. Qe2 Qc4 42. Qd2 Rc5 43. b3 Qb5 44. Rh2 a5 45. Rhe2 Rc6 46. Qd3 Qc5 47. Re4 Rd6 48. Rg1 1/2-1/2

[Event "World Junior U20 Girls 2018"]
[Site "Gebze"]
[Date "2018.09.10"]
[Round "6"]
[White "Zairbek kyzy, Begimay"]
[Black "Li, Yunshan"]
[Result "1/2-1/2"]
[ECO "B22"]
[WhiteElo "1770"]
[BlackElo "2060"]
[Annotator "NA"]
[PlyCount "80"]
[EventDate "2018.09.05"]
[EventType "swiss"]
[EventCountry "TUR"]
[SourceTitle "playchess.com"]
[Source "ChessBase"]
[SourceQuality "1"]
[TimeControl "40/5400+30:1800+30"]

1. e4 c5 2. c3 Nf6 3. e5 Nd5 4. d4 cxd4 5. cxd4 e6 6. Nf3 Nc6 7. Bc4 d6 8. O-O Be7 9. a3 O-O 10. Re1 {[%emt 0:01:30] B22: Sicilian: 2 c3} (10. Bd3 Bd7 11. Qc2 g6 12. Bh6 Re8 13. Nbd2 Rc8 14. Qd1 dxe5 15. dxe5 Qc7 16. Qe1 Red8 17. Qe4 b5 {½-½ (70) Wang,H (2734)-Yu,Y (2734) Danzhou 2016 CBM 174 [Bronznik,V]}) 10... Bd7 11. Nbd2 Rc8 12. Bd3 dxe5 $146 ({Predecessor:} 12... Nf4 13. Bb1 Ng6 14. exd6 Bxd6 15. Ne4 Bf4 16. Bxf4 Nxf4 17. g3 Nd5 {0-1 (34) Goodger,M (2114)-Pritchett,C (2314) Edinburgh 2003}) 13. dxe5 Qb6 14. Nc4 Qc7 15. Bg5 Bxg5 16. Bxh7+ Kh8 17. Nxg5 g6 18. Nd6 (18. h4 $18 {and White stays clearly on top.}) 18... Kg7 19. Rc1 Qd8 20. h4 Rc7 21. Rxc6 $2 (21. Qd2 $18) 21... Rxc6 22. Nde4 Rh8 23. Qf3 Qe7 $17 24. Rd1 Rxh7 25. Nxh7 Kxh7 26. Nf6+ Kg7 27. h5 Rc8 28. h6+ Kh8 29. Nxd7 Rd8 30. Nf6 Nxf6 31. Rxd8+ Qxd8 32. exf6 Qd5 33. Qxd5 exd5 34. g4 g5 35. f4 gxf4 36. g5 Kh7 37. Kf2 d4 38. Kf3 d3 39. b3 Kg6 40. Kf2 Kh7 1/2-1/2

[Event "World Junior U20 Girls 2018"]
[Site "Gebze"]
[Date "2018.09.10"]
[Round "6"]
[White "Yorgun, Yaren Naz"]
[Black "Caballero Quijano, Mitzy Mishell"]
[Result "1-0"]
[ECO "B07"]
[WhiteElo "1751"]
[BlackElo "2034"]
[Annotator "NA"]
[PlyCount "131"]
[EventDate "2018.09.05"]
[EventType "swiss"]
[EventCountry "TUR"]
[SourceTitle "playchess.com"]
[Source "ChessBase"]
[SourceQuality "1"]
[TimeControl "40/5400+30:1800+30"]

1. e4 d6 2. d4 g6 3. Nc3 Bg7 4. g3 Nf6 5. Bg2 Nc6 6. Nge2 e5 7. dxe5 Nxe5 8. O-O O-O 9. Nf4 {[%emt 0:09:30] B07: Pirc Defence: Miscellaneous Systems} (9. h3 Re8 10. b3 Bd7 11. Bb2 b5 12. Nf4 Bc6 13. Re1 b4 14. Ncd5 Nxd5 15. exd5 Bd7 16. Rb1 Qc8 17. Kh2 Qa6 {0-1 (84) McShane,L (2640)-Onischuk,V (2637) Riadh 2017}) 9... Re8 $146 ({Predecessor:} 9... c6 10. h3 Re8 11. Kh2 Qc7 12. a4 Nfd7 13. Nd3 a5 14. Ra2 b6 15. Re1 Ba6 16. Nxe5 dxe5 {½-½ (49) Zimmermann,M (2235)-Schulz,K (2302) Germany 2014}) 10. Nd3 c6 11. Nxe5 dxe5 12. Qxd8 Rxd8 13. h3 b5 14. Be3 Be6 15. Rad1 Nd7 16. Rd6 Rdc8 17. Rfd1 Nb6 18. b3 Bf8 19. R6d3 b4 20. Ne2 c5 21. f4 c4 22. R3d2 f6 23. g4 Bf7 24. g5 fxg5 25. fxe5 Re8 26. Bxg5 Rxe5 27. Bf6 Ree8 28. e5 Rac8 29. Nd4 Bc5 30. Kh2 $11 Bxd4 31. Rxd4 Be6 32. Bf3 cxb3 33. cxb3 Rc2+ 34. R1d2 Rxd2+ 35. Rxd2 Nd7 36. Bc6 Nxf6 37. Bxe8 Nxe8 38. Rd8 Kf7 39. Ra8 Bd5 40. Rxa7+ Ke6 41. Rxh7 Bc6 42. Rh4 Kxe5 43. Rxb4 Nf6 44. a4 Kd5 45. Rb8 Kd6 46. a5 Kc7 47. Rf8 Nd7 48. Rg8 Be4 49. b4 Kc6 50. Rc8+ Kb5 51. Re8 Bf5 52. Kg3 Kxb4 53. a6 Nb6 54. a7 Kb5 55. a8=Q Nxa8 56. Rxa8 Kc6 57. Rd8 Kc7 58. Rd4 Bd7 59. h4 Bf5 60. Kf4 Bb1 61. Kg5 Kc6 62. Kf6 Kc5 63. Rg4 Kd6 64. Rxg6 Bxg6 65. Kxg6 Ke7 66. Kg7 1-0